 Dungeon Crawl Stone Soup version 0.22-a0-348-gd16d139 (webtiles) character file.

4435 sankara the Grappler (level 10, -8/96 HPs)
             Began as a Troll Monk on Apr 10, 2018.
             Was an Elder of Makhleb.
             Mangled by an orc knight
             ... wielding a +0 glaive
              (14 damage)
             ... in a bailey.
             The game lasted 00:21:07 (5954 turns).

sankara the Grappler (Troll Monk)                   Turns: 5954, Time: 00:21:08

Health: -8/96      AC:  6    Str: 21    XL:     10   Next: 14%
Magic:  12/12      EV: 11    Int:  6    God:    Makhleb [****..]
Gold:   301        SH:  0    Dex: 19    Spells: 9/9 levels left

rFire    . . .     SeeInvis .     - Unarmed
rCold    . . .     Gourm    +   (no shield)
rNeg     . . .     Faith    .   a - +0 robe
rPois    .         Spirit   .   (helmet restricted)
rElec    .         Reflect  .   p - +0 cloak (curse)
rCorr    .         Harm     .   (gloves unavailable)
MR       .....                  (boots unavailable)
Stlth    +.........             y - amulet of regeneration {+regen, !d}
HPRegen  1.06/turn              f - ring of loudness (curse) {Stlth-}
MPRegen  0.13/turn              u - +4 ring of dexterity

@: drained
A: large, unfitting armour, claws 3, fast metabolism 3, gourmand, regeneration
1, shaggy fur 1, tough skin 2
a: Minor Destruction, Lesser Servant of Makhleb, Major Destruction, Renounce
Religion


You were in a bailey.
You worshipped Makhleb.
Makhleb was greatly pleased with you.
You were very full.

You visited 2 branches of the dungeon, and saw 9 of its levels.
You also visited: Bailey.

You collected 301 gold pieces.

Inventory:

Hand Weapons
 E - a +0 halberd
   (You found it on level 8 of the Dungeon)
 F - a +0 spear
   (You found it on level 8 of the Dungeon)
Missiles
 e - 190 stones (quivered)
Armour
 a - a +0 robe (worn)
 p - a cursed +0 cloak (worn)
   (You found it on level 3 of the Dungeon)
Jewellery
 f - a cursed ring of loudness (left claw) {Stlth-}
   (You found it on level 1 of the Dungeon)
 n - an uncursed ring of magical power {MP+9}
   (You found it on level 2 of the Dungeon)
 u - a +4 ring of dexterity (right claw)
   (You found it on level 3 of the Dungeon)
 y - an amulet of regeneration (around neck) {+regen, !d}
   (You found it on level 5 of the Dungeon)
Wands
 w - a wand of paralysis (28)
   (You found it on level 4 of the Dungeon)
 B - a wand of enslavement (12)
   (You found it on level 6 of the Dungeon)
Scrolls
 i - 2 scrolls of immolation {unknown}
 j - 2 scrolls of identify {unknown}
 k - 5 scrolls of remove curse {unknown}
 l - 3 scrolls of teleportation {unknown}
 o - a scroll of magic mapping {unknown}
 q - 4 scrolls of amnesia
 s - a scroll of blinking {!r}
 t - 2 scrolls of enchant weapon {unknown}
 D - a scroll of summoning {unknown}
Potions
 c - 2 potions of mutation {unknown}
 d - 2 potions of ambrosia {unknown}
 g - a potion of invisibility
 h - 2 potions of agility {unknown}
 m - a potion of brilliance {unknown}
 r - 3 potions of haste {unknown}
 v - a potion of heal wounds {unknown}
 x - a potion of cancellation {unknown}
 z - 2 potions of lignification {unknown}
 C - 2 potions of experience {unknown}
Comestibles
 b - 14 rations
 A - 9 chunks of flesh {@w0}


   Skills:
 - Level 5.2(5.1) Fighting
 - Level 2.4(2.3) Dodging
 - Level 1.0(0.9) Stealth
 * Level 12.7(12.6) Unarmed Combat
 + Level 4.5(4.4) Invocations


You had 9 spell levels left.
You didn't know any spells.

Dungeon Overview and Level Annotations

Branches:
Dungeon (8/15)             Temple (1/1) D:4
   Lair: D:8-11

Altars:
Ashenzari
Cheibriados
Dithmenos
Elyvilon
Fedhas
Gozag
Hepliaklqana
Kikubaaqudgha
Makhleb
Nemelex Xobeh
Okawaru
Qazlal
Ru
Sif Muna
Trog
Uskayaw
Vehumet
Wu Jian
Xom
Yredelemnul
Zin
The Shining One

Shops:
D:5 %[=*   D:6 :

Annotations:
D:5 Eustachio


Innate Abilities, Weirdness & Mutations

You are too large for most types of armour.
You have claws for hands.
Your metabolism is lightning-fast.
You like to eat raw meat.
Your natural rate of healing is unusually fast.
You are covered in fur. (AC +1)
You have very tough skin. (AC +2)


Message History

There is a flagged portal here.
You see here a spear.
F - a spear
There is a flagged portal here.
The world spins around you as you enter the gateway.
You enter a bailey!
An orc and an orc warrior come into view.
The orc warrior shouts!
The orc knight shouts!
The orc shouts!
The orc warrior shouts! x2; You hear a shout! x5
Found two gates leading back out of this place.
There is an empty arch of ancient stone here.
Wield which item (- for none, * to show all)? (? for menu, Esc to quit)
E - a +0 halberd (weapon)
The orc warrior shouts! x3
Found two gates leading back out of this place.
An orc comes into view. It is wielding a spear.
The orc shouts!
The orc warrior hits you from afar with a glaive! x2
Attack whom?
Press: ? - help, Dir - move target cursor, f - orc warrior
Aim: an orc warrior, wielding a glaive and wearing a plate armour You reach to attack!
You hit the orc warrior.
The orc warrior is moderately wounded.
The orc hits you but does no damage.
The orc knight roars a battlecry!
The orcs go into a battle-frenzy!
The orc warrior completely misses you.
The orc warrior hits you from afar with a glaive!
The orc hits you from afar with a spear.
You are too injured to fight recklessly!
You are too injured to fight recklessly!
You are too injured to fight recklessly!
You are too injured to fight recklessly!
Okay, then.
The orc hits you but does no damage.
The orc knight roars a battlecry!
The orc goes into a battle-frenzy!
The orc barely misses you. The orc closely misses you.
There is an empty arch of ancient stone here.
You are now empty-clawed.
You are too injured to fight recklessly!
You are too injured to fight recklessly!
An orc knight comes into view. It is wielding a glaive.
There is a gate leading back out of this place here.
Unknown command.
Okay, then.
The orc warrior barely misses you. The orc barely misses you.
The orc hits you with a spear.
The orc knight roars a battlecry!
The orc warrior goes into a battle-frenzy!
You hear a shout!
There is an empty arch of ancient stone here.
You closely miss the orc. You claw the orc, but do no damage.
The orc hits you but does no damage. The orc warrior hits you with a glaive!
The orc hits you but does no damage.
The orc knight hits you from afar with a glaive!
You closely miss the orc. The orc hits you but does no damage.
You claw the orc!
You kill the orc!
Makhleb accepts your kill.
You feel better. The orc warrior hits you with a glaive!
The orc knight hits you from afar with a glaive!
* * * LOW HITPOINT WARNING * * *
You barely miss the orc warrior.
The orc warrior is lightly wounded.
The orc hits you with a spear.
* * * LOW HITPOINT WARNING * * *
You scratch the orc warrior.
The orc warrior is moderately wounded.
The orc warrior closely misses you. The orc knight barely misses you.
The orc hits you with a spear.
* * * LOW HITPOINT WARNING * * *
You mangle the orc warrior!!
The orc warrior is almost dead.
The orc knight roars a battlecry!
The orc knight goes into a battle-frenzy!
The orc hits you but does no damage. The orc warrior hits you with a glaive.
* * * LOW HITPOINT WARNING * * *
You mangle the orc warrior!!
You kill the orc warrior!
Makhleb accepts your kill.
You feel better. The orc knight closely misses you.
You claw the orc!
You kill the orc!
Makhleb accepts your kill.
The orc knight roars a battlecry!
The orc knight goes into a battle-frenzy!
The orc knight hits you with a glaive.
* * * LOW HITPOINT WARNING * * *
Things that are here:
a spear; a chain mail; an orc corpse You claw the orc knight!
The orc knight is lightly wounded.
You scratch the orc knight.
The orc knight is lightly wounded.
The orc knight hits you with a glaive!
* * * LOW HITPOINT WARNING * * *
The orc knight hits you from afar with a glaive!
You die...

### ###### ##∩##
#####
##.....##...##.....
#..≈≈≈..#...#..≈≈≈.
#.≈≈o≈≈.......≈≈o≈≈
+.≈.oo≈.......≈oo.≈
#.≈≈o≈≈.....o.≈≈o≈≈
#..≈≈≈..#)))#..≈
##.....##.∩@#
###### ##∩## ###


You could see 2 orc knights and 2 orc warriors.

Vanquished Creatures
  A two-headed ogre (D:8)
  The ghost of zero the Covert, a novice SpEn of Vehumet (D:7)
  The ghost of sankara the Insei, a novice OpTm (D:5)
  The ghost of sankara the Ruffian, an amateur TrBe of Trog (D:3)
  Edmund (D:5)
  2 phantoms (D:6)
  A sky beast (D:6)
  2 orc warriors
  An ogre (D:7)
  4 centaurs
  A big kobold (D:8)
  3 bullfrogs (D:6)
  3 scorpions
  4 wights (D:8)
  A howler monkey (D:8)
  A bullfrog zombie (D:5)
  A crimson imp (D:5)
  4 orc priests
  A jelly (D:6)
  A centaur skeleton (D:6)
  Jessica (D:2)
  5 iguanas
  8 orc wizards
  7 worker ants
  A killer bee zombie (D:7)
  2 hound zombies
  A hound skeleton (D:5)
  A worker ant zombie (D:7)
  12 adders
  10 gnolls
  4 river rats (D:4)
  A shadow imp (D:6)
  2 adder zombies
  4 adder skeletons
  5 worms
  2 dart slugs (D:2)
  6 leopard geckos
  28 orcs
  5 bats
  12 giant cockroaches
  7 goblins
  14 hobgoblins
  13 jackals
  12 kobolds
  A quokka (D:4)
  12 frilled lizards
  A leopard gecko zombie (D:5)
  2 quokka skeletons (D:6)
  9 rats
223 creatures vanquished.

Notes
Turn   | Place    | Note
-------+----------+-------------------------------------------
     0 | D:1      | sankara the Troll Monk began the quest for the Orb.
     0 | D:1      | Reached XP level 1. HP: 22/22 MP: 0/0
   100 | D:1      | Reached XP level 2. HP: 23/29 MP: 1/1
   897 | D:2      | Reached XP level 3. HP: 36/36 MP: 2/2
   907 | D:2      | Reached skill level 4 in Unarmed Combat
   976 | D:2      | Reached skill level 3 in Fighting
  1027 | D:2      | Reached XP level 4. HP: 39/45 MP: 3/3
  1564 | D:2      | Noticed Jessica
  1577 | D:2      | Killed Jessica
  1577 | D:2      | Reached skill level 5 in Unarmed Combat
  1577 | D:2      | Reached XP level 5. HP: 53/53 MP: 4/4
  2063 | D:3      | Noticed sankara's ghost (amateur TrBe)
  2090 | D:3      | Killed sankara's ghost
  2090 | D:3      | Reached skill level 6 in Unarmed Combat
  2090 | D:3      | Reached XP level 6. HP: 38/62 MP: 5/5
  2712 | D:4      | Reached skill level 4 in Fighting
  2852 | D:4      | Found a staircase to the Ecumenical Temple.
  2875 | D:4      | Reached XP level 7. HP: 56/70 MP: 6/6
  3142 | D:4      | Reached skill level 7 in Unarmed Combat
  3249 | Temple   | Entered the Ecumenical Temple
  3400 | Temple   | Became a worshipper of Makhleb the Destroyer
  3400 | Temple   | Reached * piety under Makhleb
  3400 | Temple   | Reached ** piety under Makhleb
  3617 | D:5      | Entered Level 5 of the Dungeon
  3659 | D:5      | Found Guemior's Assorted Antiques.
  3677 | D:5      | Found Viosypot's Antique Armour Shop.
  3741 | D:5      | Found Olitog's Food Shoppe.
  3842 | D:5      | Found Moho's Jewellery Shoppe.
  3853 | D:5      | Noticed Edmund
  3866 | D:5      | Killed Edmund
  3915 | D:5      | Reached skill level 8 in Unarmed Combat
  3952 | D:5      | Noticed Eustachio
  3991 | D:5      | HP: 17/71 [white imp/puff of frost[Eustachio] (10)]
  3992 | D:5      | HP: 8/71 [white imp[Eustachio] (2)]
  3993 | D:5      | HP: 1/71 [river rat[Eustachio] (4)]
  4008 | D:5      | HP: 11/71 [river rat[Eustachio] (5)]
  4079 | D:5      | Noticed sankara's ghost (novice OpTm)
  4097 | D:5      | Killed sankara's ghost
  4097 | D:5      | Reached skill level 5 in Fighting
  4097 | D:5      | Reached XP level 8. HP: 67/80 MP: 7/7
  4415 | D:6      | Reached skill level 9 in Unarmed Combat
  4469 | D:6      | Found Maucef's Book Shoppe.
  4552 | D:6      | Reached skill level 10 in Unarmed Combat
  4713 | D:6      | Reached XP level 9. HP: 28/88 MP: 8/8
  4715 | D:6      | HP: 21/88 [iguana (10)]
  4772 | D:6      | Reached *** piety under Makhleb
  5029 | D:7      | Reached skill level 11 in Unarmed Combat
  5029 | D:7      | Reached skill level 1 in Invocations
  5314 | D:7      | Reached skill level 2 in Invocations
  5507 | D:7      | Found a deep blue altar of Sif Muna.
  5511 | D:7      | Reached **** piety under Makhleb
  5623 | D:7      | Noticed zero's ghost (novice SpEn)
  5644 | D:7      | Killed zero's ghost
  5644 | D:7      | Reached skill level 12 in Unarmed Combat
  5644 | D:7      | Reached skill level 3 in Invocations
  5774 | D:8      | Noticed a two-headed ogre
  5779 | D:8      | HP: 14/88 [two-headed ogre/giant spiked club (22)]
  5783 | D:8      | Killed a two-headed ogre
  5783 | D:8      | Reached skill level 4 in Invocations
  5783 | D:8      | Reached XP level 10. HP: 33/96 MP: 10/12
  5797 | D:8      | HP: 24/96 [wight/enchanted halberd (14)]
  5859 | D:8      | Found a sacrificial altar of Ru.
  5906 | D:8      | Found a flagged portal.
  5909 | D:8      | Found a sparkling altar of Nemelex Xobeh.
  5931 | Bailey   | Entered a bailey
  5931 | Bailey   | Noticed an orc knight
  5942 | Bailey   | Noticed an orc knight
  5945 | Bailey   | HP: 21/96 [orc knight/glaive (13)]
  5948 | Bailey   | HP: 10/96 [orc warrior/glaive (3)]
  5953 | Bailey   | HP: 5/96 [orc knight/glaive (12)]
  5954 | Bailey   | Mangled by an orc knight

Vault maps used:
D:1:      matt_arrival_los_fun
D:2:      uniq_jessica
D:4:      minmay_temple_entry_nine_rooms, lightli_sewer_entry_pipes,
          minmay_misc_feat_rows
D:5:      serial_shops, shop, shop, nicolae_shop_waterfront,
          nicolae_shop_waterfront, first_ration, uniq_eustachio, uniq_edmund
D:6:      cheibrodos_helix_gallery, serial_shops, nicolae_shop_trees
D:7:      kennysheep_orc_sif_temple
D:8:      overflow_temple_1_default, kennysheep_mini_moat, david_lair_generic,
          enter_bailey_2, basic_altar
Temple:   regret_index_temple_chain_breaker
Bailey:   bailey_polearm_4, bailey

Skill      XL: |  1  2  3  4  5  6  7  8  9 |
---------------+----------------------------+-----
Unarmed Combat | 4 5 6 8 10 12 | 12.7
Fighting       | 3 4 5 |  5.2
Invocations    | 4 |  4.5
Dodging        | |  2.4
Stealth        | |  1.0

Action                   |  1- 3 |  4- 6 |  7- 9 | 10-12 || total
-------------------------+-------+-------+-------+-------++-------
Melee: Unarmed           |    82 |   185 |   364 |    31 ||   662
       Punch             |       |     3 |    22 |     1 ||    26
       Halberd           |       |       |       |     1 ||     1
Invok: Minor Destruction |       |       |     6 |       ||     6
  Use: Scroll            |     2 |       |       |       ||     2
  Eat: Chunk             |    15 |    17 |    27 |     1 ||    60
Armor: Robe              |    25 |    55 |    83 |     6 ||   169
Dodge: Dodged            |    51 |    70 |   179 |    15 ||   315

Table legend:
 A = Spawn XP
 B = Non-spawn XP
 C = Spawn XP percentage of total XP
 D = Spawn monster count
 E = Non-spawn monster count
 F = Spawn count percentage of total count
 G = Total turns spent on level
                    A         B        C        D         E        F      G
               +---------+---------+-------+---------+---------+-------+---------
         Total |       0 |    6336 |   0.0 |       0 |     223 |   0.0 |  5954
               +---------+---------+-------+---------+---------+-------+---------
           D:1 |       0 |      39 |   0.0 |       0 |      24 |   0.0 |   830
           D:2 |       0 |     159 |   0.0 |       0 |      34 |   0.0 |   894
           D:3 |       0 |     267 |   0.0 |       0 |      24 |   0.0 |   720
           D:4 |       0 |     386 |   0.0 |       0 |      39 |   0.0 |  1047
           D:5 |       0 |     812 |   0.0 |       0 |      17 |   0.0 |   729
           D:6 |       0 |    1356 |   0.0 |       0 |      37 |   0.0 |   545
           D:7 |       0 |    1799 |   0.0 |       0 |      32 |   0.0 |   824
           D:8 |       0 |    1375 |   0.0 |       0 |      13 |   0.0 |   181
        Bailey |       0 |     143 |   0.0 |       0 |       3 |   0.0 |    23
               +---------+---------+-------+---------+---------+-------+---------

Vault maps used:
D:1:      matt_arrival_los_fun
D:2:      uniq_jessica
D:4:      minmay_temple_entry_nine_rooms, lightli_sewer_entry_pipes,
          minmay_misc_feat_rows
D:5:      serial_shops, shop, shop, nicolae_shop_waterfront,
          nicolae_shop_waterfront, first_ration, uniq_eustachio, uniq_edmund
D:6:      cheibrodos_helix_gallery, serial_shops, nicolae_shop_trees
D:7:      kennysheep_orc_sif_temple
D:8:      overflow_temple_1_default, kennysheep_mini_moat, david_lair_generic,
          enter_bailey_2, basic_altar
Temple:   regret_index_temple_chain_breaker
Bailey:   bailey_polearm_4, bailey

Table legend:
 A = Turns spent in this place as a percentage of turns spent in the entire game.
 B = Non-inter-level travel turns spent in this place as a percentage of non-inter-level travel turns spent in the entire game.
 C = Inter-level travel turns spent in this place as a percentage of turns spent in this place.
 D = Turns resting spent in this place as a percentage of non-inter-level travel turns spent in this place.
 E = Turns spent auto-exploring this place as a percentage of non-inter-level travel turns spent in this place.
 F = Non-inter-level travel turns spent in this place divided by the number of levels of this place that you've seen.
                   A       B       C       D       E      F
               +-------+-------+-------+-------+-------+----------------------
         Total | 100.0 | 100.0 |   6.0 |   2.9 |  67.7 | 559.4
       Dungeon |  96.9 |  97.1 |   5.9 |   3.0 |  67.2 | 678.6
        Temple |   2.7 |   2.5 |  11.8 |   0.0 |  97.2 | 142.0
        Bailey |   0.4 |   0.4 |   0.0 |   0.0 |   0.0 |  23.0
               +-------+-------+-------+-------+-------+----------------------

Table legend:
 A = Kills in this place as a percentage of kills in entire the game.
 B = Kills by you in this place as a percentage of kills by you in the entire game.
 C = Kills by friends in this place as a percentage of kills by friends in the entire game.
 D = Other kills in this place as a percentage of other kills in the entire game.
 E = Experience gained in this place as a percentage of experience gained in the entire game.
 F = Experience gained in this place divided by the number of levels of this place that you have seen.
                   A       B       C       D       E      F
               +-------+-------+-------+-------+-------+----------------------
         Total | 100.0 | 100.0 |   N/A |   N/A | 100.0 | 633.6
       Dungeon |  98.7 |  98.7 |   N/A |   N/A |  97.7 | 774.1
        Bailey |   1.3 |   1.3 |   N/A |   N/A |   2.3 | 143.0
               +-------+-------+-------+-------+-------+----------------------
